Description

Fast 3rd with 2 oracles followed by twilight tech, pressure off 3 base with a 4th and added tech behind.

Replay - Neeb v Semper: Game 1 - Acolyte LE

Build Order

Get SALT Encoding   

  14  0:16  Pylon  
  16  0:38  Gateway  
  17  0:51  Assimilator  
  20  1:23  Nexus  
  20  1:35  Cybernetics Core  
  21  1:42  Assimilator  
  21  1:51  Pylon  
  23  2:11  Adept (Chrono Boost)  
  23  2:12  Warp Gate  
  27  2:28  Stargate  
  27  2:35  Adept (Chrono Boost)  
  35  3:12  Nexus  
  37  3:19  Oracle (Chrono Boost)  
  43  3:36  Pylon x2  
  45  3:54  Mothership Core, Oracle (Chrono Boost)  
  50  3:57  Pylon  
  51  4:03  Gateway x2  
  52  4:10  Assimilator x2  
  58  4:40  Robotics Facility  
  58  4:44  Sentry  
  65  4:54  Forge, Twilight Council  
  65  5:09  Sentry x2  
  72  5:20  Resonating Glaives (Chrono Boost), Protoss Ground Weapons Level 1 (Chrono Boost)  
  74  5:23  Gateway x5  
  80  5:24  Immortal (Chrono Boost)  
  80  5:49  Adept x3  
  84  5:56  Warp Prism  
  92  6:32  Observer  
  120  6:56  Protoss Ground Armor Level 1  
  135  7:32  Assimilator x2  
  144  8:12  Nexus  
Spawning Tool Build Advisor. Get it on Overwolf

Analysis

Defend 3rd, move out to pressure with 8 gates, 1 immortal&prism and glaive adepts. 1 cannon per mineral line if necessary to help with drops while pressuring. Go +1 attack -> armor -> double forge for +2+2. Transition into Blink+Colossus, later Templar.

Go to:

Details

  • Created by: Bones     
  • Published on: Sep 19, 2017
  • Modified on: Sep 19, 2017
  • Patch: 3.8.0
Show
View Real Time Build Order
Export as new Build Order

Comments (0)

There are no comments. Be the first!

Create an account to comment!